 Dungeon Crawl Stone Soup version 0.28-a0-969-g2dcde036d2 (webtiles) character file.

Game seed: 9496524288221048947

67 KyoPewz the Shooter (level 3, 0/20 HPs)
             Began as a Deep Elf Arcane Marksman on Dec 1, 2021.
             Slain by an adder (3 damage)
             ... on level 2 of the Dungeon.
             The game lasted 00:06:59 (1333 turns).

KyoPewz the Shooter (Deep Elf Arcane Marksman)      Turns: 1333, Time: 00:06:59

Health: 0/20       AC:  2    Str:  7    XL:     3   Next: 98%
Magic:  6/7        EV: 13    Int: 17    God:
Gold:   61         SH:  0    Dex: 23    Spells: 4/5 levels left

rFire   . . .      SeeInvis .   j - +3 dagger {short}
rCold   . . .      Faith    .   (no shield)
rNeg    . . .      Spirit   .   d - +0 robe
rPois   .          Reflect  .   (no helmet)
rElec   .          Harm     .   (no cloak)
rCorr   .          Rampage  .   (no gloves)
Will    .....                   (no boots)
Stlth   ++........              (no amulet)
HPRegen 0.06/turn               e - +6 ring of dexterity
MPRegen 0.10/turn               (no ring)

@: lethally poisoned (0 -> -13)
A: no striking features
a: no special abilities


You were on level 2 of the Dungeon.
You visited 1 branch of the dungeon, and saw 2 of its levels.

You collected 61 gold pieces.


   Skills:
 - Level 0.7 Fighting
 + Level 5.7 Bows
 - Level 2.4 Dodging
 - Level 1.5 Spellcasting
 - Level 4.0 Hexes


You had 4 spell levels left.
You knew the following spells:

 Your Spells              Type           Power      Damage    Failure   Level
a - Slow                  Hex            56%        N/A       4%          1

Your spell library contained the following spells:

 Spells                   Type           Power      Damage    Failure   Level
 Inner Flame              Hex/Fire       8%         N/A       26%         3
 Portal Projectile        Hex/Tloc       16%        N/A       26%         3
 Cause Fear               Hex            7%         N/A       36%         4

Inventory:

Hand Weapons
 a - a +0 shortbow {bow}
 j - a +3 dagger (weapon) {short}
   (You took it off a goblin on level 1 of the Dungeon)
 k - a +0 short sword {short}
   (You took it off a kobold on level 1 of the Dungeon)
Missiles
 c - an arrow
 g - 17 poisoned darts (quivered) {throwing}
Armour
 d - a +0 robe (worn)
Magical Staves
 i - a staff of death {!astaff}
   (You found it on level 1 of the Dungeon)
Jewellery
 e - a +6 ring of dexterity (left hand)
   (You found it on level 2 of the Dungeon)
Scrolls
 b - a scroll of noise {unknown}
 f - a scroll of teleportation {unknown}
 h - a scroll of identify {unknown}

Dungeon Overview and Level Annotations

Branches:
Dungeon (2/15)

Altars:

Shops:
D:1

[ #........>....# #
##..#.#....<... ..
##†..#.#.....((# #.#
#..#.#.#.....(.[ #..#
####.##............
#..##........##..######
##.....####..##†##
##..............S#
..........#####.@#
.##.......##..)......#
#.......##.........#
##.....###....((...#
##.....###....(....#
#.<.....############
#.......# #.......#
##.....##


You could see an adder.


Message History

You shoot an arrow.
The arrow hits the howler monkey but does no damage.
Fire: 7 arrows
Press: ? - help, Q - select action, (/) - cycle Shift-Dir - straight line, f/p - howler monkey
Aim: a howler monkey (catching its breath, 62% to hit)
You shoot an arrow.
The arrow closely misses the howler monkey.
Fire: 6 arrows
Press: ? - help, Q - select action, (/) - cycle Shift-Dir - straight line, f/p - howler monkey
Aim: a howler monkey (62% to hit)
You shoot an arrow. The arrow hits the howler monkey!
Fire: 5 arrows
Press: ? - help, Q - select action, (/) - cycle Shift-Dir - straight line, f/p - howler monkey
Aim: a howler monkey (moderately wounded, 62% to hit)
You shoot an arrow.
The arrow closely misses the howler monkey.
Fire: 4 arrows
Press: ? - help, Q - select action, (/) - cycle Shift-Dir - straight line, f/p - howler monkey
Aim: a howler monkey (moderately wounded, 62% to hit)
You shoot an arrow.
The arrow barely misses the howler monkey.
The howler monkey closely misses you. The howler monkey hits you. 😮 HP[-5]
You take 5 damage, and now have 15/20 hp.
MASSIVE DAMAGE!! (PAUSE) Fire: 3 arrows
Press: ? - help, Q - select action, (/) - cycle Shift-Dir - straight line, f/p - howler monkey
Aim: a howler monkey (moderately wounded, 62% to hit)
You shoot an arrow. The arrow hits the howler monkey.
The howler monkey hoots and howls with incredible vigour!
You hear an angry hiss. x2; You hear a shout!
You hear an angry hiss.
You hear a shout!
Fire: 2 arrows
Press: ? - help, Q - select action, (/) - cycle Shift-Dir - straight line, f/p - howler monkey
Aim: a howler monkey (heavily wounded, catching its breath, 62% to hit)
You shoot an arrow. The arrow hits the howler monkey!
The howler monkey barely misses you.
Fire: arrow
Press: ? - help, Q - select action, (/) - cycle Shift-Dir - straight line, f/p - howler monkey
Aim: a howler monkey (almost dead, 62% to hit)
You shoot an arrow. The arrow hits the howler monkey.
You kill the howler monkey!
A frilled lizard comes into view.
Your Bows skill increases to level 5!
Unknown command.
Things that are here:
3 arrows; a howler monkey corpse
c - 3 arrows Fire: 3 arrows
Press: ? - help, Q - select action, (/) - cycle Shift-Dir - straight line, f - frilled lizard
Aim: a frilled lizard (50% to hit)
You shoot an arrow. The arrow hits the frilled lizard.
You kill the frilled lizard!
An adder comes into view. 😕 HP[+1] Fire: 2 arrows
Press: ? - help, Q - select action, (/) - cycle Shift-Dir - straight line, f - adder
Aim: an adder (wandering, hasn't noticed you, 50% to hit)
You shoot an arrow. The adder hisses angrily.
The arrow hits the adder.
Fire: arrow
Press: ? - help, Q - select action, (/) - cycle Shift-Dir - straight line, f/p - adder
Aim: an adder (lightly wounded, 50% to hit)
You shoot an arrow.
The arrow hits the adder but does no damage.
j - a +3 dagger (weapon)
{short}
c - an arrow;
h - a scroll labelled YJIDITH KOODAK You can't go up here!
Casting: Slow (safe; 4% risk of failure)
Confirm with . or Enter, or press ? or * to list all spells.
Aiming: Slow (safe; 4% risk of failure)
Press: ? - help, Shift-Dir - straight line, f/p - adder
Aim: an adder (chance to affect: 60%)
The adder resists with significant effort. 😕 MP[-1]
You lost 1 mp, and now have 6/7 mp.
You hit the adder. The adder bites you.
You are poisoned.
The adder poisons you! 😮 HP[-2]
You take 2 damage, and now have 14/20 hp.
You hit the adder.
You feel sick. The adder barely misses you. 😮 HP[-2]
You take 2 damage, and now have 12/20 hp.
You hit the adder.
You feel sick. The adder bites you.
* * * LOW HITPOINT WARNING * * *
You are lethally poisoned!
The adder poisons you! The adder bites you.
* * * LOW HITPOINT WARNING * * *
You are more poisoned.
The adder poisons you! 😨 HP[-5]
You take 5 damage, and now have 7/20 hp.
MASSIVE DAMAGE!! (PAUSE)
You barely miss the adder.
* * * LOW HITPOINT WARNING * * *
You feel very sick. The adder bites you.
You die...

Skill      XL: |  1  2  3 |
---------------+----------+-----
Bows           | 3 4 5 |  5.7
Fighting       | |  0.7
Dodging        | |  2.4
Spellcasting   | |  1.5
Hexes          | |  4.0

Action                   || total
-------------------------++-------
Melee: Dagger            ||     4
 Fire: Shortbow          ||    65
 Cast: Slow              ||     1
Armor: Robe              ||     2
Dodge: Dodged            ||    10

Levels and vault maps discovered:
D:1:      lemuel_arrival_funnel, layout_loops_corners, serial_shops,
          nicolae_shop_temple_entry_statues_fountains
D:2:      minmay_spotlight, layout_rooms, nicolae_ecumenical_snake_handling,
          serial_park_tiny_1, skrybe_limestone_x

Notes
Turn   | Place    | Note
-------+----------+-------------------------------------------
     0 | D:1      | KyoPewz the Deep Elf Arcane Marksman began the quest for
                  | the Orb.
     0 | D:1      | Reached XP level 1. HP: 11/11 MP: 5/5
     0 | D:1      | magus.rc [v1.9.6]
    67 | D:1      | Reached skill level 3 in Bows
   199 | D:1      | Found Ihinisaj's Armour Shoppe.
   236 | D:1      | Reached XP level 2. HP: 16/16 MP: 6/6
   361 | D:1      | Reached skill level 4 in Bows
  1306 | D:2      | Reached XP level 3. HP: 20/20 MP: 7/7
  1316 | D:2      | Reached skill level 5 in Bows
  1333 | D:2      | HP: 3/20 [poisoned by an adder]
  1333 | D:2      | Slain by an adder

Vanquished Creatures
  A howler monkey (D:2)
  A dart slug (D:1)
  6 ball pythons
  An endoplasm (D:1)
  A giant cockroach (D:1)
  3 goblins (D:1)
  2 hobgoblins (D:1)
  A bat (D:1)
  4 frilled lizards
  4 kobolds
  5 rats
29 creatures vanquished.

Table legend:
 A = Non-vault XP
 B = Vault XP
 C = Vault XP percentage of total XP
 D = Non-vault monster count
 E = Vault monster count
 F = Vault count percentage of total count
                 A         B        C        D         E       F
            +---------+---------+-------+---------+---------+-------
      Total |      96 |       0 |   0.0 |      29 |       0 |   0.0
            +---------+---------+-------+---------+---------+-------
        D:1 |      38 |       0 |   0.0 |      24 |       0 |   0.0
        D:2 |      58 |       0 |   0.0 |       5 |       0 |   0.0
            +---------+---------+-------+---------+---------+-------

Illustrated notes

Table legend:
 A = Kills in this place as a percentage of kills in entire the game.
 B = Kills by you in this place as a percentage of kills by you in the entire game.
 C = Kills by friends in this place as a percentage of kills by friends in the entire game.
 D = Other kills in this place as a percentage of other kills in the entire game.
 E = Experience gained in this place as a percentage of experience gained in the entire game.
 F = Experience gained in this place divided by the number of levels of this place that you have seen.
                   A       B       C       D       E      F
               +-------+-------+-------+-------+-------+----------------------
         Total | 100.0 | 100.0 |   N/A |   N/A | 100.0 |  48.0
       Dungeon | 100.0 | 100.0 |   N/A |   N/A | 100.0 |  48.0
               +-------+-------+-------+-------+-------+----------------------

Table legend: (Time is in decaauts)
 A = Elapsed time spent in this place.
 B = Non-inter-level travel time spent in this place.
 C = Inter-level travel time spent in this place.
 D = Time resting spent in this place.
 E = Time spent auto-exploring this place.
 F = Levels seen in this place.
 G = Mean time per level.
                   A        B        C        D        E       F      G
               +--------+--------+--------+--------+--------+-----+--------+
         Total |   1335 |   1220 |    115 |      0 |   1025 |   2 |  667.5 |
       Dungeon |   1335 |   1220 |    115 |      0 |   1025 |   2 |  667.5 |
               +--------+--------+--------+--------+--------+-----+--------+

Top non-repeatable levels by time:
     D:1: 1218 daAuts
     D:2: 117 daAuts
